 Dungeon Crawl Stone Soup version 0.25-a0-890-g62861fb195 (webtiles) character file.

Game seed: 12664564315572455203, levelgen mode: deterministic

94923 Glorfindel the Eclecticist (level 15, 64/64 HPs)
             Began as a Felid Air Elementalist on May 2, 2020.
             Was the Champion of Vehumet.
             Got out of the dungeon
             ... with 1 rune on May 3, 2020!
             The game lasted 07:30:49 (65543 turns).

Glorfindel the Eclecticist (FeAE)                  Turns: 65543, Time: 07:30:49

Health: 64/64      AC:  3    Str:  4    XL:     15   Next: 28%
Magic:  36/36      EV: 32    Int: 25    God:    Vehumet [******]
Gold:   1133       SH:  0    Dex: 20    Spells: 1/46 levels left
                                        Lives:  0   Deaths: 3

rFire    + . .     SeeInvis +   (weapon unavailable)
rCold    + . .     Gourm    .   (shield unavailable)
rNeg     . . .     Faith    +   (armour unavailable)
rPois    .         Spirit   .   (helmet unavailable)
rElec    .         Reflect  .   (cloak unavailable)
rCorr    .         Harm     .   (gloves unavailable)
MR       ++...                  (boots unavailable)
Stlth    ++++++....             F - amulet of Kexirimaqu {Faith rF+ Dex+2 Slay+3}
HPRegen  0.20/turn              e - +5 ring of evasion {=R}
MPRegen  0.25/turn              i - +3 ring of intelligence

@: quick
A: very small, no armour, no weapons or thrown items, stealth, claws 1, fangs 3,
see invisible, carnivore, speed 1, shaggy fur 3, slow metabolism 1, sharp paws
}: 1/15 runes: decaying
a: Renounce Religion


You escaped.
You worshipped Vehumet.
Vehumet was exalted by your worship.
You were full.

You visited 8 branches of the dungeon, and saw 31 of its levels.
You also visited: Sewer, Gauntlet and Ice Cave.

You collected 2507 gold pieces.
You spent 1374 gold pieces at shops.

Inventory:

Missiles
 q - 18 arrows
Jewellery
 c - an uncursed ring of protection from cold
 e - a +5 ring of evasion (left paw) {=R}
 f - an uncursed ring of protection from fire
 i - a +3 ring of intelligence (right paw)
 n - the ring of Midnight {MR+ EV-3 Str-5 Dex+3 SInv, !P}
   (You found it in a Gauntlet)

   [ring of evasion]

   It affects your evasion (-3).
   It affects your strength (-5).
   It affects your dexterity (+3).
   It affects your resistance to hostile enchantments.
   It lets you see invisible.
 o - an uncursed ring of resist corrosion
 w - a +2 ring of protection
 F - the amulet of Kexirimaqu (around neck) {Faith rF+ Dex+2 Slay+3}
   (You acquired it on level 15 of the Dungeon)

   [amulet of faith]

   It allows you to gain divine favour quickly.
   It affects your dexterity (+2).
   It affects your accuracy and damage with ranged weapons and melee attacks
   (+3).
   It protects you from fire.
Wands
 j - a wand of flame (6)
 s - a wand of polymorph (28)
 u - a wand of digging (5)
 C - a wand of paralysis (2)
Scrolls
 d - 4 scrolls of magic mapping {!r}
 k - 6 scrolls of immolation {!r}
 t - 8 scrolls of remove curse
 z - 3 scrolls of vulnerability {!r}
 H - a scroll of amnesia
 I - 15 scrolls of identify
 M - 9 scrolls of fog
Potions
 a - 3 potions of berserk rage {!q}
 g - 4 potions of lignification {!q}
 h - a potion of invisibility
 m - 6 potions of curing
 r - 2 potions of mutation
 v - a potion of brilliance
 y - 7 potions of stabbing
 A - 6 potions of flight
 D - 4 potions of might
 E - 2 potions of resistance
 G - 2 potions of cancellation {!q}
 J - a potion of haste
Miscellaneous
 K - a lightning rod (inert)
Comestibles
 b - 56 rations


   Skills:
 - Level 7.0 Fighting
 - Level 10.0 Dodging
 - Level 13.1 Stealth
 - Level 16.0 Spellcasting
 + Level 10.8 Conjurations
 - Level 6.0 Summonings
 - Level 8.0 Translocations
 - Level 10.0 Ice Magic
 - Level 14.6 Air Magic
 - Level 2.0 Poison Magic
 - Level 7.1 Evocations


You had one spell level left.
You knew the following spells:

 Your Spells              Type           Power        Failure   Level  Hunger
a - Apportation           Tloc           ######       1%          1    None
f - Freezing Cloud        Conj/Ice/Air   ######....   1%          6    ####...
l - Lightning Bolt        Conj/Air       ######....   1%          5    None
q - Mephitic Cloud        Conj/Pois/Air  ######..     1%          3    None
s - Summon Lightning Spi  Summ/Air       ######..     1%          4    None
u - Summon Butterflies    Summ           ######..     1%          1    None
w - Airstrike             Air            #######...   1%          4    None
G - Shroud of Golubria    Chrm/Tloc      #####.       1%          2    None
R - Ozocubu's Refrigerat  Ice            ######....   1%          6    ####...
X - Orb of Destruction    Conj           ######....   7%          7    #####..
Z - Conjure Ball Lightni  Conj/Air       ######....   1%          6    ####...

Your spell library contained the following spells:

 Spells                   Type           Power        Failure   Level  Hunger
 Tornado                  Air            #######...   82%         9    #######
 Ignition                 Fire           ###.......   100%        8    #######
 Shatter                  Erth           ###.......   100%        9    #######
 Shock                    Conj/Air       ####         0%          1    None
 Foxfire                  Conj/Fire      ####         1%          1    None
 Summon Small Mammal      Summ           ####         1%          1    None
 Infusion                 Chrm           ###.         2%          1    None
 Call Imp                 Summ           ######..     1%          2    None
 Corpse Rot               Necr/Air       N/A          1%          2    None
 Ensorcelled Hibernation  Hex/Ice        #####.       1%          2    None
 Poisonous Vapours        Pois/Air       ######       1%          2    None
 Swiftness                Chrm/Air       ######..     1%          2    None
 Call Canine Familiar     Summ           ######..     1%          3    None
 Conjure Flame            Conj/Fire      #####...     1%          3    None
 Lesser Beckoning         Tloc           ######....   1%          3    None
 Ozocubu's Armour         Chrm/Ice       #####...     1%          3    None
 Static Discharge         Conj/Air       ######..     1%          3    None
 Passage of Golubria      Tloc           N/A          1%          4    None
 Sticky Flame             Conj/Fire      #####...     1%          4    None
 Summon Ice Beast         Ice/Summ       ######..     1%          4    None
 Inner Flame              Hex/Fire       ###.....     2%          3    None
 Summon Guardian Golem    Hex/Summ       #####...     2%          3    None
 Fireball                 Conj/Fire      #####.....   2%          5    None
 Silence                  Hex/Air        ######....   3%          5    None
 Passwall                 Tmut/Erth      ###.....     4%          2    None
 Song of Slaying          Chrm           ###.....     4%          2    None
 Sublimation of Blood     Necr           ###.......   4%          2    None
 Tukima's Dance           Hex            ###.....     8%          3    None
 Lee's Rapid Deconstruct  Erth           ###.......   19%         5    None
 Dispel Undead            Necr           ###.....     26%         4    None
 Shadow Creatures         Summ           N/A          34%         6    ####...
 Alistair's Intoxication  Tmut/Pois      ####....     43%         5    None
 Agony                    Necr           ###.....     58%         5    None
 Borgnjor's Vile Clutch   Necr/Erth      ###.......   58%         5    None
 Darkness                 Hex            ###.......   99%         6    ####...
 Invisibility             Hex            ###.....     99%         6    ####...
 Ring of Flames           Chrm/Fire      ###.......   100%        7    #####..
 Spectral Weapon          Hex/Chrm       Unusable     N/A         3    N/A
 Excruciating Wounds      Chrm/Necr      Unusable     N/A         5    N/A

Dungeon Overview and Level Annotations

Branches:
Dungeon (15/15)            Temple (1/1) D:4            Lair (6/6) D:10
  Swamp (4/4) Lair:3        Snake (1/4) Lair:3        Slime (0/5) Lair:5
    Orc (2/2) D:9             Elf (1/3) Orc:2        Vaults (1/5) D:13
 Depths (0/5) D:15          Sewer (visited)           IceCv (visited)
Gauntlet (visited)

Altars:
Ashenzari
Cheibriados
Dithmenos
Elyvilon
Fedhas
Gozag
Hepliaklqana
Kikubaaqudgha
Makhleb
Nemelex Xobeh
Okawaru
Qazlal
Ru
Sif Muna
Trog
Uskayaw
Vehumet
Wu Jian
Xom
Yredelemnul
Zin
The Shining One
Beogh

Shops:
D:6 !:(!}   D:10 [   D:13 [   D:14 *   Orc:2 ?}[[   Snake:1 ??

Portals:
Trove: D:10 (give 13 potions of heal wounds)

Annotations:
D:3 1 runed translucent door; yiuf
D:6 2 pot shops, exclusion: downstairs
D:7 ! joseph, exclusion: door, Joseph
D:8 exclusion: upstairs
D:10 3 runed translucent doors, exclusion: obsidian statue, MirrMurr's ghost, journeyman KoBe
D:13 MAPPED
Lair:3 MAPPED
Lair:6 MAPPED
Elf:1 MAPPED
Vaults:1 exclusion: yaktaur


Innate Abilities, Weirdness & Mutations

You cannot wear armour.
You are incapable of wielding weapons or throwing items.
Your paws allow you to move quietly. (Stealth)
You have sharp claws.
You have razor-sharp teeth.
You have supernaturally acute eyesight. (SInv)
You are carnivorous and can eat meat at any time.
You cover ground quickly.
Your thick and shaggy fur keeps you warm. (AC +3, rC+)
You have a slow metabolism.
Your sharp claws are effective at attacking unaware monsters.


Message History

There is a stone staircase leading up here.
You climb upwards.
There is a stone staircase leading down here.
Key pressed, stopping travel.
Unknown command.
(D) Dungeon (T) Temple (L) Lair (S) Swamp (P) Snake Pit (M) Slime Pits (O) Orcish Mines (E) Elven Halls (V) Vaults (U) Depths
Where to? (Enter - D:1 @ (x,y), ? - help)
You see here 28 stones.
There is a stone staircase leading up here.
You climb upwards.
There is a stone staircase leading down here.
You see here a mace.
You see here a hand axe.
You enter the shallow water.
Moving in this stuff is going to be slow.
There is a staircase leading out of the dungeon here.
Are you sure you want to leave the Dungeon?
This will make you lose the game!
You have escaped!

♣♣♣♣♣♣
♣♣♣♣♣♣P.♣P♣♣♣
♣♣...P..♣....♣♣
≈≈
♣..@..♣♣♣♣♣.♣.♣
≈≈≈ ♣......♣
♣♣.♣♣ ♣≈
♣♣♣..♣.♣ ♣♣.♣
♣♣ ♣♣..♣♣ ♣♣.♣♣
♣♣.♣ ♣.♣♣ ♣..♣
♣..♣♣♣ ♣.♣♣
♣♣♣..♣♣ ♣ ♣.♣
♣♣♣.♣♣ ♣♣ ♣.♣♣♣
♣♣.♣♣♣.


There were no monsters in sight!

Vanquished Creatures
  Jorgrun (Orc:2)
  3 thorn hunters
  Kirke (Swamp:2)
  A deep elf sorcerer (Elf:1)
  An orc warlord (Orc:1)
  2 vampire knights (Swamp:4)
  2 green draconians (Swamp:1)
  A deep elf annihilator (Elf:1)
  A death ooze (Gauntlet)
  2 ogre magi (Vaults:1)
  A great orb of eyes (Gauntlet)
  A rakshasa (D:13)
  29 hydras
  A catoblepas (Lair:6)
  2 ghost crabs (Swamp:3)
  2 shambling mangroves (Swamp:4)
  A centaur warrior (Vaults:1)
  2 anacondas (Snake:1)
  10 two-headed ogres
  8 alligators
  The ghost of mortelune the Archer, a novice CeHu of Okawaru (Lair:1)
  5 death yaks (Lair:6)
  2 dancing weapons (Elf:1)
  7 orc high priests
  9 deep elf knights (Elf:1)
  5 unseen horrors
  6 skeletal warriors
  A spark wasp zombie (D:15)
  2 flayed ghosts
  The ghost of kMk the Frost Mage, a novice DrIE of Vehumet (D:6)
  4 spriggan druids
  A wizard (Vaults:1)
  10 swamp dragons
  4 spectral hydras (Swamp:4)
  11 deep elf archers (Elf:1)
  A necromancer (D:15)
  An ironbrand convoker (Vaults:1)
  5 orc knights
  A mana viper (Snake:1)
  An orc sorcerer (Orc:1)
  3 oklob plants (Swamp:4)
  8 ugly things
  22 deep elf magi
  2 manticores
  3 wolf spiders
  2 cyclopes
  A moth of wrath (D:12)
  A fire giant skeleton (D:15)
  2 guardian serpents
  A black mamba (shapeshifter) (Elf:1)
  4 elephants
  A vault sentinel (Vaults:1)
  10 black mambas
  A torpor snail (Gauntlet)
  A gargoyle (D:15)
  19 spiny frogs
  A centaur skeleton (D:15)
  9 komodo dragons
  5 rime drakes
  3 freezing wraiths
  A guardian mummy (D:15)
  2 hydra zombies (Swamp:4)
  8 trolls
  The ghost of TrebMcFLY the Chopper, an amateur DDFi of Makhleb (D:5)
  2 polar bears
  3 meliai (Lair:6)
  A merfolk (D:10)
  A queen bee (Lair:6)
  11 tyrant leeches
  19 hornets
  A wolf spider simulacrum (IceCv)
  Prince Ribbit (D:8)
  37 blink frogs
  A hydra skeleton (Swamp:4)
  4 death drake skeletons (Swamp:4)
  10 slime creatures
  5 bog bodies
  13 hippogriffs
  2 redbacks (Lair:6)
  3 water elementals
  4 shadows
  10 spriggans
  A fire elemental (Elf:1)
  52 yaks
  2 humans
  13 wyverns (Lair:6)
  5 basilisks
  4 fire bats (Orc:1)
  A hog (Swamp:2)
  8 vampire mosquitoes
  2 wargs (Orc:1)
  A human zombie (D:15)
  6 insubstantial wisps (Swamp:2)
  Edmund (D:5)
  4 acid dragons
  24 swamp worms
  2 hydra simulacra (Swamp:4)
  3 nagas (Snake:1)
  10 porcupines
  15 water moccasins
  14 swamp drakes
  A black bear (D:13)
  5 sky beasts
  39 orc warriors
  2 ice beasts
  13 ogres
  7 necrophages
  4 swamp dragon zombies (Swamp:4)
  2 boggarts (Vaults:1)
  3 phantoms
  15 wolves
  14 centaurs
  9 crocodiles
  2 big kobolds (Sewer)
  A yaktaur zombie (D:15)
  17 bullfrogs
  A wyvern skeleton (D:15)
  2 earth elementals (Elf:1)
  3 scorpions
  33 killer bees
  15 wights
  10 howler monkeys
  3 electric eels
  5 bullfrog zombies
  8 crimson imps
  2 centaur zombies
  6 hounds
  26 orc priests
  A quasit (D:11)
  2 jellies
  11 orc wizards
  2 iguanas
  10 worker ants
  Terence (D:3)
  4 hell rats (Lair:6)
  A hound zombie (D:8)
  3 hound skeletons
  A howler monkey zombie (D:11)
  A mummy (D:11)
  3 worker ant zombies
  A howler monkey skeleton (D:5)
  10 gnolls
  18 adders
  5 river rats
  4 shadow imps
  4 white imps (D:13)
  6 oozes
  7 worms
  2 dart slugs
  7 leopard geckos
  107 orcs
  5 giant cockroaches
  6 goblins
  8 hobgoblins
  2 jackals (D:6)
  12 kobolds
  3 quokkas
  7 ball pythons
  5 bats
  4 frilled lizards
  A jackal skeleton (D:4)
  9 rats
  4 fungi (Swamp:2)
1082 creatures vanquished.

Vanquished Creatures (collateral kills)
  A thorn hunter (Swamp:4)
  A yaktaur captain (Vaults:1)
  A catoblepas (Lair:6)
  A deep elf knight (Elf:1)
  A swamp dragon (Swamp:1)
  3 orc knights (Orc:2)
  A deep elf mage (Elf:1)
  A black mamba (Snake:1)
  A centaur skeleton (D:13)
  A death drake zombie (Swamp:4)
  A blink frog (Swamp:3)
  A yak (Lair:6)
  A warg (Orc:1)
  5 orc warriors (Orc:2)
  A boggart (Vaults:1)
  An ogre (Orc:1)
  5 orc priests (Orc:2)
  8 white imps (D:13)
  7 orcs
42 creatures vanquished.

Vanquished Creatures (others)
  A human (Swamp:2)
  24 fungi
  56 plants
  2 withered plants (D:15)
83 creatures vanquished.

Grand Total: 1207 creatures vanquished

Notes
Turn   | Place    | Note
-------+----------+-------------------------------------------
     0 | D:1      | Glorfindel the Felid Air Elementalist began the quest for
                  | the Orb.
     0 | D:1      | Reached XP level 1. HP: 7/7 MP: 4/4
   338 | D:1      | //harm
   405 | D:1      | //4 ids
   429 | D:1      | Reached XP level 2. HP: 11/11 MP: 3/6
   968 | D:1      | //[bw]
  1651 | D:2      | Reached skill level 5 in Stealth
  1687 | D:2      | Reached XP level 3. HP: 9/14 MP: 2/7
  1688 | D:2      | //Int
  2777 | D:2      | Reached XP level 4. HP: 18/18 MP: 5/8
  2807 | D:2      | Learned a level 4 spell: Airstrike
  3922 | D:3      | Reached XP level 5. HP: 19/21 MP: 1/9
  4213 | D:3      | Found a runed translucent door.
  4248 | D:3      | Noticed Terence
  4292 | D:3      | Killed Terence
  4418 | D:3      | //many ids
  4732 | D:4      | //sewer
  4758 | D:4      | Reached skill level 5 in Air Magic
  5119 | D:4      | Found a glowing drain.
  5128 | Sewer    | Entered a sewer
  5132 | Sewer    | //finally drain is gone
  5245 | Sewer    | Gained mutation: You are covered in thick fur. (AC +2)
                  | [Felid growth]
  5245 | Sewer    | Reached XP level 6. HP: 24/24 MP: 8/10
  5246 | Sewer    | //Int
  5327 | Sewer    | //stupid running with b kob
  6087 | Sewer    | //2*2*8 ending, nearly any loot but XP
  6490 | D:4      | Found a staircase to the Ecumenical Temple.
  6499 | Temple   | Entered the Ecumenical Temple
  6553 | Temple   | Became a worshipper of Vehumet
  6668 | D:5      | Entered Level 5 of the Dungeon
  6673 | D:5      | Noticed an ice beast
  6798 | D:5      | Noticed Edmund
  6861 | D:6      | //no good chance atm - get airstrike running
  6884 | D:6      | Found Tipt's Distillery.
  6891 | D:6      | Bought 2 potions of invisibility for 192 gold pieces
  6905 | D:6      | Found Zeinoac's Gadget Shop.
  7012 | D:6      | Found a stormy altar of Qazlal.
  7084 | D:6      | Reached XP level 7. HP: 27/27 MP: 7/11
  7220 | D:6      | Found a runed translucent gate.
  7220 | D:6      | Found a runed translucent gate.
  7220 | D:6      | Found a runed translucent gate.
  7223 | D:6      | Noticed kMk's ghost (novice DrIE)
  7226 | D:6      | Found a roughly hewn altar of Beogh.
  7349 | D:6      | Found Siufriowov's Distillery.
  7480 | D:6      | //[aar]
  7581 | D:6      | //airstrike still 9% fail
  7620 | D:6      | Found Ackasixu's Antique Weapon Shoppe.
  7665 | D:6      | //+5 ring ev (!)
  7665 | D:6      | //2/23
  7696 | D:6      | Found Tuolediy's Book Shoppe.
  7770 | D:6      | Reached skill level 3 in Spellcasting
  8007 | D:6      | //+3 ring dex
  8171 | D:5      | Found a runed translucent gate.
  8171 | D:5      | Found a runed translucent gate.
  8479 | D:5      | //Airstrike warning 6% -> twice killed sky beast
  8597 | D:5      | Reached XP level 8. HP: 31/31 MP: 4/13
  8598 | D:5      | //*** Zephyrmancer ***
  8791 | D:7      | Noticed Joseph
  8880 | D:7      | Reached * piety under Vehumet
  8880 | D:7      | Offered knowledge of Freeze by Vehumet.
  9026 | D:7      | //[Ho]
  9548 | D:7      | Reached skill level 4 in Spellcasting
  9870 | D:6      | Bought a potion of curing for 36 gold pieces
 10406 | D:7      | //strike 2% fail still shown red - and asking
 11006 | D:8      | //trapped near bees - telep + invis
 11177 | D:8      | Reached skill level 10 in Air Magic
 11303 | D:8      | //disint
 11401 | D:8      | Reached XP level 9. HP: 34/34 MP: 13/16
 11402 | D:8      | //Int
 11402 | D:8      | //*** Airstrike finally 1% fail ***
 11402 | D:8      | //(shown in yellow)
 11473 | D:8      | Reached ** piety under Vehumet
 11473 | D:8      | Offered knowledge of Searing Ray by Vehumet.
 11815 | D:8      | //strawberry :-)
 12474 | D:8      | //failed vs joseph and ran
 12628 | D:8      | Reached skill level 5 in Spellcasting
 12984 | D:6      | Bought a potion of heal wounds for 65 gold pieces
 12985 | D:6      | //3 hw now
 13239 | D:8      | //[Dil.]
 13258 | D:8      | Noticed Prince Ribbit
 13261 | D:8      | Killed Prince Ribbit
 13366 | D:8      | Reached skill level 6 in Spellcasting
 13433 | D:8      | //Airstrike seems ok, *some* fight and stl
 13453 | D:8      | Reached skill level 1 in Fighting
 13630 | D:8      | Offered knowledge of Frozen Ramparts by Vehumet.
 13637 | D:8      | //god wants me for ice...
 13793 | D:8      | //down and surrounded by yaks - right, need more stl
 14037 | D:8      | Reached *** piety under Vehumet
 14038 | D:8      | //Veh wiz: elec bolt would be 7% fail
 14136 | D:8      | Learned a level 5 spell: Lightning Bolt
 14171 | D:9      | Reached XP level 10. HP: 42/42 MP: 0/20
 14313 | D:9      | Reached skill level 1 in Conjurations
 14618 | D:9      | //[Es]
 14704 | D:9      | Noticed a manticore
 14710 | D:9      | Killed a manticore
 15084 | D:9      | Found a staircase to the Orcish Mines.
 15108 | D:9      | Offered knowledge of Mephitic Cloud by Vehumet.
 15113 | D:9      | Learned a level 3 spell: Mephitic Cloud
 15234 | D:9      | Noticed a two-headed ogre
 15239 | D:9      | Killed a two-headed ogre
 15239 | D:9      | Reached skill level 5 in Conjurations
 15466 | D:9      | //wand para
 15506 | D:9      | //still no lair btw
 15523 | D:10     | Entered Level 10 of the Dungeon
 15611 | D:10     | //merfolk !?
 15717 | D:10     | //Conj 6 -> elec bolt 2% fail
 15845 | D:10     | //Food water vault
 15860 | D:10     | Found a runed translucent gate.
 15861 | D:10     | Found a runed translucent gate.
 15863 | D:10     | Found an opulent altar of Gozag.
 15863 | D:10     | Found a runed translucent gate.
 15864 | D:10     | Noticed an obsidian statue
 15866 | D:10     | Noticed a deep elf knight
 15866 | D:10     | Noticed MirrMurr's ghost (journeyman KoBe)
 15866 | D:10     | Noticed a centaur warrior
 15986 | D:6      | Bought a potion of magic for 104 gold pieces
 16011 | D:5      | Found a runed translucent gate.
 16012 | D:5      | Noticed TrebMcFLY's ghost (amateur DDFi)
 16019 | D:5      | Killed TrebMcFLY's ghost
 16104 | D:5      | Killed Edmund
 16250 | D:6      | Identified the +0 chain mail of Distant Shores {Str+2}
 16875 | D:10     | //[believe I ...]
 17248 | D:10     | Reached **** piety under Vehumet
 17442 | D:10     | Noticed an elephant
 17671 | D:10     | Found a staircase to the Lair.
 17709 | D:10     | Killed an elephant
 17709 | D:10     | Reached XP level 11. HP: 45/45 MP: 4/21
 17903 | D:10     | //elec bolt now 1% fail as well
 17972 | D:10     | Offered knowledge of Inner Flame by Vehumet.
 18215 | D:10     | Found a portal to a secret trove of treasure.
 18228 | D:10     | //-> 13 hw for trove <- ha ha ha>
                  | ERROR: string above had unterminated tag
 18234 | D:10     | Found Tinues's Antique Armour Shoppe.
 18253 | D:11     | //stones
 18677 | D:11     | Found an opulent altar of Gozag.
 18751 | D:11     | //acid dr :-)
 18796 | D:11     | //[ev 2]
 18805 | D:11     | Noticed an unseen horror
 18814 | D:11     | Killed an unseen horror
 18974 | D:10     | //mark changed plans...
 19416 | D:11     | Reached skill level 7 in Spellcasting
 19766 | D:11     | Reached skill level 10 in Stealth
 19779 | D:11     | //[rai]
 19913 | D:6      | Bought a potion of cancellation for 96 gold pieces
 19913 | D:6      | //buy-id the pots
 19917 | D:6      | //read-id scrolls
 19922 | D:6      | //-> 2 blink, 2 fear
 19960 | D:8      | //joseph still there and a bit dangerous
 19960 | D:8      | //well, little MR - meph should work
 20048 | Lair:1   | Entered Level 1 of the Lair of Beasts
 20059 | Lair:1   | //book Flames
 20059 | Lair:1   | //***
 20059 | Lair:1   | //[+Ju -> 5]
 20273 | Lair:1   | Noticed a six-headed hydra
 20349 | Lair:1   | Reached skill level 5 in Dodging
 20484 | Lair:1   | Noticed a five-headed hydra
 20520 | Lair:1   | Killed a five-headed hydra
 20521 | Lair:1   | //5 airstr vs hydra
 21106 | Lair:1   | Found a runed translucent door.
 21112 | Lair:1   | Reached skill level 8 in Spellcasting
 21210 | Lair:1   | Killed a six-headed hydra
 21336 | Lair:1   | Noticed mortelune's ghost (novice CeHu)
 21936 | Lair:2   | Noticed a five-headed hydra
 22004 | Lair:2   | Killed a five-headed hydra
 22004 | Lair:2   | Gained mutation: Your thick and shaggy fur keeps you warm.
                  | (AC +3, rC+) [Felid growth]
 22004 | Lair:2   | Reached XP level 12. HP: 35/49 MP: 6/25
 22005 | Lair:2   | //Int
 22008 | Lair:2   | //dig
 22178 | Lair:2   | Reached skill level 9 in Spellcasting
 23235 | Lair:2   | Noticed a four-headed hydra
 23262 | Lair:2   | Killed a four-headed hydra
 23685 | Lair:2   | //id amnes
 23709 | Lair:2   | //many shafts...
 23747 | Lair:3   | //gauntlet
 23748 | Lair:3   | //mapped - and swamp and snake here
 23819 | Lair:3   | Reached ***** piety under Vehumet
 23876 | Lair:3   | Found a gate leading to a gauntlet.
 23953 | Gauntlet | Entered a Gauntlet
 23953 | Gauntlet | Found a transporter.
 23961 | Gauntlet | Found a transporter.
 23982 | Gauntlet | Found a transporter.
 23990 | Gauntlet | Noticed a death ooze
 23991 | Gauntlet | Found a transporter.
 24006 | Gauntlet | Found a transporter.
 24013 | Gauntlet | Found a transporter.
 24030 | Gauntlet | Found a transporter.
 24032 | Gauntlet | Noticed a ghost crab
 24047 | Gauntlet | Found a transporter.
 24059 | Gauntlet | Found a transporter.
 24059 | Gauntlet | Noticed a great orb of eyes
 24071 | Gauntlet | Found a transporter.
 24078 | Gauntlet | Found a transporter.
 24093 | Gauntlet | Found a transporter.
 24108 | Gauntlet | Found a transporter.
 24137 | Gauntlet | Found a transporter.
 24152 | Gauntlet | Found a transporter.
 24196 | Gauntlet | Found a transporter.
 24197 | Gauntlet | Noticed a death scarab
 24261 | Gauntlet | //invis here vs yaks, torpor
 24269 | Gauntlet | Found a transporter.
 24373 | Gauntlet | //no, not hellion :-)
 24412 | Gauntlet | //two into teleporter?
 24426 | Gauntlet | Killed a death ooze
 24426 | Gauntlet | Reached skill level 5 in Fighting
 24547 | Gauntlet | Killed a great orb of eyes
 24585 | Gauntlet | Got a pitted granite ring
 24592 | Gauntlet | //Party Tricks
 24592 | Gauntlet | //Butterflies, apport, invis
 24592 | Gauntlet | //and unknown artef. ring
 24697 | Gauntlet | Identified the +9 battleaxe "Peimny" {vamp, Int+3}
 24697 | Gauntlet | Noticed a minotaur
 24984 | Gauntlet | Found the +3 giant club "Skullcrusher" {speed, Str+7}
 24987 | Lair:3   | //failed to deal with mino - MP missing
 24987 | Lair:3   | //got amu and 2 rations ... and Skullcrusher...
 24988 | Lair:3   | //amulet GS :-|
 25262 | Lair:3   | //btw, did I check *all* the loot?
 25264 | Lair:3   | //too late
 25511 | Lair:3   | You fall into a shaft and drop 2 floors!
 25514 | Lair:5   | //fell down - wolves - fear, mag map
 25542 | Lair:5   | Reached skill level 10 in Spellcasting
 25662 | Lair:5   | Reached skill level 5 in Evocations
 25847 | Lair:5   | Lost strength.
 25847 | Lair:5   | Identified the cursed ring of Midnight {MR+ EV-3 Str-5
                  | Dex+3 SInv} (You found it in a Gauntlet)
 25851 | Lair:5   | //oh, ring has Str-5...
 25876 | Lair:5   | //so no rF+ any way
 25898 | Lair:5   | //[2nd room]
 26275 | Lair:5   | //few HP, 2 blink frogs = danger
 26380 | Lair:5   | Offered knowledge of Hailstorm by Vehumet.
 26588 | Lair:5   | //[Fue. od]
 26824 | Lair:5   | Reached XP level 13. HP: 54/54 MP: 10/28
 26921 | Lair:5   | Found a staircase to the Slime Pits.
 27137 | Lair:5   | //nasty hornet so easy with airstr
 27501 | Lair:5   | //forest here
 27772 | Lair:4   | //finally stairs up to L:4
 27772 | Lair:4   | //btw, 5*
 28126 | Lair:4   | //+3 ring int, ok
 28203 | Lair:4   | //wow, 1 elec bolt vs 3 yaks - all!
 28739 | Lair:3   | //[w luetsch.]
 28876 | Lair:3   | //[sch Eb *2!]
 28886 | Lair:3   | You fall into a shaft and drop 1 floor!
 28887 | Lair:4   | //they don't let me finish L:3...
 29382 | Lair:4   | Learned a level 1 spell: Apportation
 29615 | Lair:3   | Reached skill level 11 in Spellcasting
 29615 | Lair:3   | Reached skill level 1 in Translocations
 29869 | Lair:3   | //lol, plant lab.
 30160 | Lair:3   | Found a staircase to the Snake Pit.
 30287 | Lair:6   | Entered Level 6 of the Lair of Beasts
 30289 | Lair:6   | //mapped and star ending
 30733 | Lair:6   | //5 airstr vs ele
 31635 | Lair:6   | //book Callings
 31664 | Lair:6   | Reached skill level 12 in Spellcasting
 32604 | Lair:6   | Reached XP level 14. HP: 60/60 MP: 26/31
 32635 | Lair:6   | //MPRegen only 0.22/turn
 32768 | Lair:6   | //good telep
 32918 | Lair:6   | //btw, 5* again
 33738 | Lair:6   | //[M Wes]
 33755 | Lair:6   | Offered knowledge of Irradiate by Vehumet.
 33757 | Lair:6   | //Irrad - what for?
 34126 | Lair:6   | //Book Burglary in loot!
 34131 | Lair:6   | Learned a level 4 spell: Passage of Golubria
 34254 | Lair:6   | //spire interesting as well
 34346 | Lair:6   | //central loot more or less nothing
 34472 | Lair:6   | Reached skill level 5 in Translocations
 34685 | Lair:5   | Learned a level 4 spell: Summon Lightning Spire
 34728 | Lair:6   | //very good now with spire
 34870 | Lair:6   | //oh, that's this vault - a hive
 35049 | Lair:6   | //PoG 1% fail at 8 skill
 35049 | Lair:6   | //(SPC 12.7, Int 24)
 35152 | Lair:6   | Reached skill level 1 in Summonings
 35318 | Lair:6   | //honeycombs :-)
 35323 | Lair:6   | Learned a level 1 spell: Summon Butterflies
 35490 | Lair:1   | Killed mortelune's ghost
 36150 | D:12     | //3rd amu: inacc...
 36494 | D:12     | Noticed Nessos
 36495 | D:12     | Noticed Nessos
 36495 | D:12     | Nessos changed into Nessos the salamander
 36496 | D:12     | Noticed Nessos
 36496 | D:12     | Nessos the salamander changed into Nessos the moth of wrath
 36499 | D:12     | Killed Nessos the moth of wrath
 36543 | D:12     | //poly and airstr
 36969 | D:13     | //ice cave
 36970 | D:13     | //mapped - shop as well
 37049 | D:13     | Found Newk's Antique Armour Shoppe.
 37208 | D:13     | Reached skill level 13 in Spellcasting
 37227 | D:13     | Found a frozen archway.
 37367 | IceCv    | Entered an ice cave
 37377 | D:13     | //no, won't work I think
 37770 | D:13     | //[hir]
 38617 | D:13     | Reached skill level 10 in Dodging
 39034 | D:13     | Found a gate to the Vaults.
 39353 | D:14     | Found an opulent altar of Gozag.
 39369 | D:14     | Found Gozag's Platinum Reserve.
 40253 | D:14     | Found a stormy altar of Qazlal.
 40258 | D:14     | Reached XP level 15. HP: 64/64 MP: 10/33
 40259 | D:14     | //Int
 40749 | D:15     | Entered Level 15 of the Dungeon
 40838 | D:15     | Found a shadowy altar of Dithmenos.
 41011 | D:15     | Identified a scroll of acquirement
 41012 | D:15     | //id acqu - thought so
 41012 | D:15     | //btw, I have passage
 41012 | D:15     | Identified the amulet of Kexirimaqu {Faith rF+ Dex+2
                  | Slay+3} (You acquired it on level 15 of the Dungeon)
 41290 | D:14     | //para orc warr - and stab with 0 UC
 41742 | D:15     | Offered knowledge of Freezing Cloud by Vehumet.
 41743 | D:15     | //Vehumet offers you knowledge of Freezing Cloud. The
                  | terrible wounds on your body vanish. _A freezing wraith
                  | comes into view.
 41760 | D:15     | Learned a level 6 spell: Freezing Cloud
 41760 | D:15     | //fr cloud 11% fail -> psn
 41855 | D:15     | Reached skill level 1 in Poison Magic
 41915 | D:15     | Found a staircase to the Depths.
 42402 | D:15     | //btw, *ice* for fr cloud :-)
 42402 | D:15     | //but ok, slightly buffed meph
 42549 | D:15     | Reached skill level 1 in Ice Magic
 43442 | D:6      | Bought a potion of heal wounds for 65 gold pieces
 43442 | D:6      | Bought a potion of heal wounds for 65 gold pieces
 43442 | D:6      | Bought a potion of heal wounds for 65 gold pieces
 43457 | D:6      | Killed kMk's ghost
 43489 | D:6      | Bought a potion of haste for 120 gold pieces
 43533 | D:6      | Bought a potion of invisibility for 104 gold pieces
 43672 | Orc:1    | Entered Level 1 of the Orcish Mines
 43905 | Orc:1    | //wow, UC works vs orcs
 44132 | Orc:1    | //[s alb]
 44323 | Orc:1    | Offered knowledge of Conjure Ball Lightning by Vehumet.
 44324 | Orc:1    | //well, really want rElec for this
 44324 | Orc:1    | //but take it
 44331 | Orc:1    | Learned a level 6 spell: Conjure Ball Lightning
 44415 | Orc:1    | //fire bats
 44420 | Orc:1    | Noticed an orc warlord
 44433 | Orc:1    | //freezing cloud bc of fire bat
 44593 | Orc:1    | //1000 idols
 44663 | Orc:1    | Found a roughly hewn altar of Beogh.
 44718 | Orc:1    | Killed an orc warlord
 45192 | Orc:1    | //just fire, no treasure
 45192 | Orc:1    | //[palud]
 45242 | Orc:2    | Entered Level 2 of the Orcish Mines
 45242 | Orc:2    | Noticed Jorgrun
 45244 | Orc:2    | //mapped - and the long way
 45244 | Orc:2    | //jorgrun expecting me
 45244 | Orc:2    | //6+ stl not enough...
 45244 | Orc:2    | //13 skill
 45271 | Orc:2    | Found a staircase to the Elven Halls.
 45274 | Orc:2    | //2nd stairs safe
 45664 | Orc:2    | Noticed Maurice
 45665 | Orc:2    | //maurice wand acid
 45667 | Orc:2    | Noticed Maurice
 45667 | Orc:2    | Maurice changed into Maurice the worm
 45668 | Orc:2    | //maurice worm
 45669 | Orc:2    | Killed Maurice the worm
 46150 | Orc:2    | Reached skill level 5 in Ice Magic
 46151 | Orc:2    | //ice and conj -> 8 for fr cloud
 46307 | Orc:2    | Killed Jorgrun
 46312 | Orc:2    | //invis fight with spire
 46442 | Orc:2    | //1107 gold [ = +1 ]
 46814 | Orc:2    | Offered knowledge of Orb of Destruction by Vehumet.
 46817 | Orc:2    | //Freezing cloud 4% fail
 46818 | Orc:2    | //but SPC for OOD
 48303 | Orc:2    | Learned a level 7 spell: Orb of Destruction
 48303 | Orc:2    | //forgot app. atm, wanted to be sure to get OOD
 48315 | Orc:2    | //[-> bad]
 48439 | Orc:2    | //hi priest set off alarm
 48912 | Orc:2    | Found Ixzafasa's Armour Shoppe.
 48912 | Orc:2    | Found Miciela's Magic Scroll Shoppe.
 48913 | Orc:2    | Found Goegujor's Antique Armour Emporium.
 48913 | Orc:2    | Found Tolalaenk's Gadget Shoppe.
 49023 | Elf:1    | Entered Level 1 of the Elven Halls
 49025 | Elf:1    | //mapped - elves behind tluc
 49056 | Elf:1    | Killed from afar by a deep elf mage
 49057 | Elf:1    | Reached XP level 14. HP: -10/61 MP: 3/32
 49057 | Elf:1    | //* I * set spire - but was kiled by elec bolt!
 49069 | Elf:1    | //really unexpected
 49079 | Elf:1    | //why did I not use meph?
 49346 | Elf:1    | Noticed a deep elf sorcerer
 49373 | Elf:1    | Killed a deep elf sorcerer
 49886 | Elf:1    | Offered knowledge of Spellforged Servitor by Vehumet.
 50261 | Elf:1    | Reached XP level 15. HP: 64/64 MP: 24/33
 50575 | Elf:1    | //fr cloud 2% fail - good enough for snake?
 50575 | Elf:1    | //***
 50757 | Elf:1    | //DE Mage has 6 books and elec bolt is just *one* spell...
 52345 | Snake:1  | Entered Level 1 of the Snake Pit
 52484 | Snake:1  | Found Apnivemn's Magic Scroll Boutique.
 52520 | Snake:1  | Found Ufimoxuh's Magic Scroll Shop.
 52528 | Snake:1  | Bought a scroll of blinking for 97 gold pieces
 52528 | Snake:1  | Bought a scroll of blinking for 97 gold pieces
 52528 | Snake:1  | Bought a scroll of blinking for 97 gold pieces
 52528 | Snake:1  | Bought a scroll of magic mapping for 45 gold pieces
 52540 | Snake:1  | Bought a scroll of magic mapping for 63 gold pieces
 52540 | Snake:1  | Bought a scroll of magic mapping for 63 gold pieces
 52744 | Snake:1  | //btw, no rPois!
 53693 | Lair:3   | Found a staircase to the Swamp.
 53712 | Swamp:1  | Entered Level 1 of the Swamp
 53793 | Swamp:1  | Noticed a thorn hunter
 53802 | Swamp:1  | Killed a thorn hunter
 54127 | Swamp:1  | //Found a paperback book. _Found a leatherbound book.
 54146 | Swamp:1  | //Battle, Death
 54252 | Swamp:1  | Reached ****** piety under Vehumet
 54252 | Swamp:1  | Offered knowledge of Ozocubu's Refrigeration by Vehumet.
 54446 | Swamp:1  | //hmm, refrig. better in 0.25 trunk
 54585 | Swamp:1  | //ood is far away - forget it?
 54585 | Swamp:1  | //but good spell
 55080 | Swamp:1  | //what, draco!
 55136 | Swamp:1  | //-> need curings
 55384 | Swamp:1  | Reached skill level 14 in Spellcasting
 55393 | Swamp:1  | Learned a level 6 spell: Ozocubu's Refrigeration
 55393 | Swamp:1  | //forget PoG atm
 55577 | Swamp:1  | //elec rod
 56189 | Swamp:2  | //freezing cloud nice vs blink frogs
 56191 | Swamp:2  | Reached XP level 16. HP: 69/69 MP: 18/35
 56524 | Swamp:2  | Noticed Kirke
 56525 | Swamp:2  | //[seg sch]
 56527 | Swamp:2  | //no refrig. with spire?
 56530 | Swamp:2  | Killed Kirke
 56886 | Swamp:2  | Reached skill level 10 in Ice Magic
 56997 | Swamp:2  | Reached skill level 5 in Summonings
 57130 | Swamp:2  | Offered knowledge of Shatter by Vehumet.
 57130 | Swamp:2  | Offered knowledge of Tornado by Vehumet.
 57130 | Swamp:2  | Offered knowledge of Ignition by Vehumet.
 57131 | Swamp:2  | //nado 89% fail, that's still a long way
 57447 | Swamp:2  | //swamp dragon: keep out of LOS
 57672 | Swamp:2  | Learned a level 1 spell: Apportation
 57903 | Swamp:3  | //[bir]
 59254 | Swamp:3  | //mirror
 59274 | Swamp:4  | Entered Level 4 of the Swamp
 59294 | Swamp:4  | Noticed a thorn hunter
 59301 | Swamp:4  | Killed a thorn hunter
 60106 | Swamp:4  | Reached skill level 15 in Spellcasting
 61892 | Swamp:4  | //vamp mage!?
 62086 | Swamp:4  | //evo not high enough, usually killed it with mirror
 62153 | Swamp:4  | Noticed a thorn hunter
 62165 | Swamp:4  | Killed a thorn hunter
 62308 | Swamp:4  | Noticed a thorn hunter
 62317 | Swamp:4  | Killed a thorn hunter
 62406 | Swamp:4  | //what is this
 62406 | Swamp:4  | //lerny, vamp lords, thorn hunters, mangrove
 62428 | Swamp:4  | Reached skill level 16 in Spellcasting
 62432 | Swamp:4  | Learned a level 2 spell: Shroud of Golubria
 62703 | Swamp:4  | Reached XP level 17. HP: 72/72 MP: 20/38
 62771 | Swamp:4  | //spr druids
 62772 | Swamp:4  | Found a blossoming altar of Fedhas.
 62773 | Swamp:4  | //and an oklob
 62791 | Swamp:4  | //-> refrig
 62931 | Swamp:4  | Found a basalt altar of Yredelemnul.
 62947 | Swamp:4  | Got a decaying rune of Zot
 63222 | Swamp:4  | //elec bolt vs vamp knight (has rC+)
 63673 | Vaults:1 | Entered Level 1 of the Vaults
 63906 | Vaults:1 | Reached skill level 10 in Conjurations
 64614 | Vaults:1 | //[ho]
 65125 | Vaults:1 | //that's too hard here?
 65167 | Vaults:1 | Hit by a large rock thrown by a stone giant
 65168 | Vaults:1 | Reached XP level 16. HP: -11/69 MP: 12/37
 65179 | Vaults:1 | Shot with an arrow by a centaur
 65180 | Vaults:1 | Reached XP level 15. HP: 0/64 MP: 33/36
 65543 | D:$      | Got out of the dungeon!

Levels and vault maps discovered:
D:1:      kilobyte_arrival_exit_the_forest, layout_loops_ring
D:2:      layout_basic, minmay_pentomino_s4
D:3:      layout_basic, first_ration, minmay_quantized, uniq_crazy_yiuf_cottage,
          uniq_terence
D:4:      layout_rooms, minmay_temple_entry_butterflies, portal_sewer_entry_b
D:5:      layout_cave_pools, ebering_ghost_rock_garden, st_stairs_14,
          minivault_23, uniq_edmund
D:6:      layout_basic, kennysheep_mini, biasface_ghost_orc_armoury,
          serial_shops, shop, nicolae_shop_window_shopping,
          nicolae_shop_temple_entry_statues_fountains, shop_statue,
          nicolae_shop_statue_plus
D:7:      layout_basic, uniq_joseph
D:8:      layout_basic, uniq_prince_ribbit1
D:9:      layout_cave_pods, david_orc_3
D:10:     layout_rooms, david_lair_generic, serial_shops, kennysheep_mini_moat,
          ebering_ghost_gozag, nicolae_trove_entry_free_sample,
          hangedman_stone_soup
D:11:     layout_basic, serial_undead, serial_undead_b, serial_undead_a,
          serial_undead_a, serial_undead_f, serial_undead_f, serial_undead_b,
          serial_undead_c, serial_undead_e, minivault_14, lemuel_altar_in_water
D:12:     layout_irregular_city, uniq_nessos
D:13:     layout_small_grid, david_vaults_1, serial_shops, shop,
          portal_ice_cave_entry_imps, serial_glass, glass_columns_a,
          glass_columns_b
D:14:     layout_stronghold, nicolae_gozag_zags_fifth_avenue,
          grunt_qazlal_clouds
D:15:     gammafunk_depths_entry_grave, layout_loops_cross,
          columned_hall_lemuel, nicolae_dithmenos_shadow_blocks
Temple:   nicolae_temple_the_god_donut
Lair:1:   layout_small_grid, ebering_ghost_reflecting_pool, grunt_megastairs_5
Lair:2:   layout_chaotic_city, minmay_holes, grunt_megastairs_4,
          lemuel_fruit_tree
Lair:3:   layout_cave_pods, palyth_hydra_swamp_entry, dummy_snake_entry,
          gauntlet_entry_generic, minmay_hedge_maze
Lair:4:   layout_layer_cave, chequers_serial_rivers_room_b
Lair:5:   wad_woods_pond, layout_regular_city, minmay_slime_entry_pillars,
          nicolae_volcano_entry_lava_flow
Lair:6:   hangedman_lair_tendril_chambers, layout_hall_layers, special_room
          [special_room_bee], nicolae_lair_grove_arrangements
Swamp:1:  layout_basic_swamp, hangedman_swamp_blocks, hangedman_swamp_dais
Swamp:2:  layout_falls_marsh, nicolae_swamp_fairy_circle, uniq_kirke
Swamp:3:  layout_basic_swamp, evilmike_swamp_ruin_house_5
Swamp:4:  byrel_swamp_growth_death_and_undeath, layout_basic_swamp
Snake:1:  layout_chambers, serial_bayou_ford_a, st_stairs_11,
          grunt_ministairs_2, minmay_shoptagon
Orc:1:    layout_diamond_mine, nicolae_orc_lava_tube, bh_open_orc_temple
Orc:2:    st_orc_pillars, layout_caves, uniq_jorgrun, uniq_maurice
Elf:1:    eino_elf_arrival_customs, layout_loops_cross,
          hangedman_corner_corridor, kilobyte_mutagenic_chamber
Vaults:1: hangedman_vaults_stretched_pinwheel,
          nicolae_vaults_stairing_the_circle, nicolae_vaults_border_crossing,
          nicolae_vaults_mini_display_case, nicolae_vaults_network_star,
          nicolae_vaults_murderbox, vaults_mumra_minichess, v_misc_17,
          ontoclasm_vaults_decontamination, v_misc_19, ontoclasm_vaults_fault,
          v_misc_13, vaults_room_grunt_arrival_ludios, v_misc_14,
          layout_vaults_omnicross

Skill      XL: |  1  2  3  4  5  6  7  8  9 10 11 12 13 14 15 16 17 |
---------------+----------------------------------------------------+-----
Stealth        | 3 5 7 8 10 12 13 | 13.1
Air Magic      | 3 4 5 6 8 10 11 12 13 14 | 14.6
Spellcasting   | 3 4 6 8 10 12 13 14 16 | 16.0
Fighting       | 3 4 5 6 7 |  7.0
Conjurations   | 6 7 9 10 | 10.8
Dodging        | 4 6 8 10 | 10.0
Evocations     | 4 6 7 |  7.1
Translocations | 4 8 |  8.0
Summonings     | 4 6 |  6.0
Poison Magic   | 2 |  2.0
Ice Magic      | 6 9 10 | 10.0

Action                   |  1- 3 |  4- 6 |  7- 9 | 10-12 | 13-15 | 16-18 || total
-------------------------+-------+-------+-------+-------+-------+-------++-------
Melee: Unarmed           |     6 |     8 |     1 |     2 |    28 |     1 ||    46
       Bite              |     1 |     1 |       |       |     1 |     1 ||     4
 Cast: Shock             |    90 |   245 |   139 |     6 |     1 |       ||   481
       Airstrike         |       |       |   107 |   402 |  1076 |   339 ||  1924
       Lightning Bolt    |       |       |       |    12 |   102 |    10 ||   124
       Mephitic Cloud    |       |       |       |     9 |    32 |    26 ||    67
       Apportation       |       |       |       |       |    13 |     8 ||    21
       Freezing Cloud    |       |       |       |       |    50 |    57 ||   107
       Summon Lightning  |       |       |       |       |    25 |     9 ||    34
       Passage of Golubr |       |       |       |       |     4 |       ||     4
       Ozocubu's Refrige |       |       |       |       |       |    37 ||    37
Evoke: Wand              |       |       |    17 |    20 |    46 |    13 ||    96
       Lightning rod     |       |       |       |       |       |    13 ||    13
       Phantom mirror    |       |       |       |       |       |     1 ||     1
  Use: Scroll            |     3 |     7 |     4 |    17 |    19 |    12 ||    62
       Potion            |     1 |       |     1 |     9 |     9 |     6 ||    26
 Stab: Sleeping          |     1 |     1 |     1 |       |     1 |       ||     4
       Paralysed         |       |       |       |       |     3 |       ||     3
  Eat: Chunk             |    14 |    12 |    28 |    63 |    84 |    29 ||   230
       Ration            |       |       |       |       |       |     4 ||     4
Armor: Skin              |     4 |     3 |     2 |     1 |     3 |       ||    13
Dodge: Dodged            |    39 |    57 |    85 |    60 |   150 |    77 ||   468

Table legend:
 A = Non-vault XP
 B = Vault XP
 C = Vault XP percentage of total XP
 D = Non-vault monster count
 E = Vault monster count
 F = Vault count percentage of total count
                 A         B        C        D         E       F
            +---------+---------+-------+---------+---------+-------
      Total |  192121 |   91300 |  32.2 |     788 |     331 |  29.6
            +---------+---------+-------+---------+---------+-------
        D:1 |      35 |       0 |   0.0 |      16 |       0 |   0.0
        D:2 |     117 |       6 |   4.9 |      26 |       3 |  10.3
        D:3 |      76 |      32 |  29.6 |      23 |       1 |   4.2
        D:4 |      61 |      42 |  40.8 |       4 |       5 |  55.6
        D:5 |     351 |     502 |  58.9 |       5 |       4 |  44.4
        D:6 |     519 |    1073 |  67.4 |      18 |      10 |  35.7
        D:7 |     928 |       0 |   0.0 |      26 |       0 |   0.0
        D:8 |    2515 |     259 |   9.3 |      45 |       1 |   2.2
        D:9 |    2680 |      93 |   3.4 |      14 |       5 |  26.3
       D:10 |    1429 |    1536 |  51.8 |      18 |       8 |  30.8
       D:11 |    2650 |     922 |  25.8 |      16 |      11 |  40.7
       D:12 |    3362 |     498 |  12.9 |      32 |       1 |   3.0
       D:13 |    5974 |    1805 |  23.2 |      31 |      15 |  32.6
       D:14 |   11094 |       0 |   0.0 |      28 |       0 |   0.0
       D:15 |    4966 |    4038 |  44.8 |      26 |       8 |  23.5
     Lair:1 |    3803 |    1764 |  31.7 |      11 |       9 |  45.0
     Lair:2 |    5848 |    1847 |  24.0 |      23 |       4 |  14.8
     Lair:3 |    4180 |    2698 |  39.2 |      16 |       5 |  23.8
     Lair:4 |    6889 |       0 |   0.0 |      29 |       0 |   0.0
     Lair:5 |    5877 |     820 |  12.2 |      29 |       4 |  12.1
     Lair:6 |   18315 |   13473 |  42.4 |      41 |      63 |  60.6
    Swamp:1 |   10036 |    4964 |  33.1 |      23 |       8 |  25.8
    Swamp:2 |   21999 |    2111 |   8.8 |      57 |       2 |   3.4
    Swamp:3 |   14183 |       0 |   0.0 |      38 |       0 |   0.0
    Swamp:4 |    9957 |   27871 |  73.7 |      24 |      45 |  65.2
    Snake:1 |    4548 |     928 |  16.9 |      10 |       2 |  16.7
      Orc:1 |    6671 |    1001 |  13.0 |      63 |       2 |   3.1
      Orc:2 |    1373 |   12388 |  90.0 |      23 |      67 |  74.4
      Elf:1 |   29874 |    2228 |   6.9 |      46 |       4 |   8.0
   Vaults:1 |   11811 |    3827 |  24.5 |      27 |       7 |  20.6
      Sewer |       0 |     349 | 100.0 |       0 |      28 | 100.0
      IceCv |       0 |     268 | 100.0 |       0 |       1 | 100.0
   Gauntlet |       0 |    3957 | 100.0 |       0 |       8 | 100.0
            +---------+---------+-------+---------+---------+-------
